 Dungeon Crawl Stone Soup version 0.21.1-1-g345015f (webtiles) character file.

266 Mgcat the Covered (level 6, -4/47 HPs)
             Began as a Gnoll Wanderer on Mar 2, 2018.
             Was a Follower of Zin.
             Slain by an orc wizard
             ... wielding a +0 dagger of electrocution
              (5 damage)
             ... on level 4 of the Dungeon.
             The game lasted 00:09:42 (3205 turns).

Mgcat the Covered (Gnoll Wanderer)                  Turns: 3205, Time: 00:09:43

Health: -4/47      AC: 10    Str: 14    XL:     6   Next: 20%
Magic:  10/11      EV: 11    Int: 17    God:    Zin [*.....]
Gold:   190        SH:  0    Dex: 14    Spells: 10/11 levels left

rFire    . . .     SeeInvis .   a - +3 spear
rCold    . . .     Gourm    .   (no shield)
rNeg     . . .     Faith    .   j - +0 ring mail
rPois    .         Spirit   .   (no helmet)
rElec    .         Reflect  .   f - +0 cloak
rCorr    .         Harm     .   l - +2 pair of gloves {archery}
MR       .....                  (no boots)
Stlth    ..........             (no amulet)
HPRegen  0.15/turn              c - ring of wizardry {Wiz+, !d}
MPRegen  0.12/turn              (no ring)

@: confused, hasted, very quick
A: distributed training, fangs 1, strong nose
a: Recite, Donate Gold, Renounce Religion


You were on level 4 of the Dungeon.
You worshipped Zin.
Zin was aware of your devotion.
You were hungry.

You visited 1 branch of the dungeon, and saw 4 of its levels.

You collected 211 gold pieces.
You donated 21 gold pieces to Zin.

Inventory:

Hand Weapons
 a - a +3 spear (weapon)
Missiles
 n - 155 stones (quivered)
 o - 21 sling bullets
Armour
 f - a +0 cloak (worn)
   (You found it on level 1 of the Dungeon)
 j - a +0 ring mail (worn)
   (You found it on level 3 of the Dungeon)
 l - a +2 pair of gloves of archery (worn)
   (You found it on level 1 of the Dungeon)
 r - a +0 robe
   (You found it on level 2 of the Dungeon)
 t - a +0 leather armour
   (You found it on level 2 of the Dungeon)
Jewellery
 c - a ring of wizardry (left hand) {Wiz+, !d}
   (You found it on level 2 of the Dungeon)
Scrolls
 h - a scroll of fog
 i - a scroll of enchant weapon
 s - 2 scrolls of amnesia
 u - a scroll of teleportation
Potions
 e - 3 potions of curing
 g - a potion of berserk rage {unknown}
 m - a potion of brilliance
 p - a potion of heal wounds {unknown}
 q - a potion of flight {unknown}
Books
 b - the Disquisition on the Escort

   Spells                             Type                      Level
   a - Summon Butterflies             Summoning                    1
   b - Recall                         Summoning/Translocation      3
Comestibles
 d - 7 rations


   Skills:
 + Level 3.1 Fighting
 + Level 1.8 Short Blades
 + Level 1.8 Long Blades
 + Level 1.8 Axes
 + Level 1.8 Maces & Flails
 + Level 1.8 Polearms
 + Level 1.8 Staves
 + Level 1.8 Slings
 + Level 1.8 Bows
 + Level 1.8 Crossbows
 + Level 1.8 Throwing
 + Level 4.9 Armour
 + Level 1.8 Dodging
 + Level 1.8 Stealth
 + Level 3.1 Shields
 + Level 1.8 Unarmed Combat
 + Level 3.3 Spellcasting
 + Level 4.0 Conjurations
 + Level 1.4 Hexes
 + Level 1.4 Charms
 + Level 4.0 Summonings
 + Level 1.4 Necromancy
 + Level 1.4 Translocations
 + Level 1.4 Transmutations
 + Level 1.4 Fire Magic
 + Level 1.4 Ice Magic
 + Level 1.4 Air Magic
 + Level 1.4 Earth Magic
 + Level 1.4 Poison Magic
 + Level 2.0 Invocations
 + Level 3.1 Evocations


You had 10 spell levels left.
You knew the following spells:

 Your Spells              Type           Power        Failure   Level  Hunger
a - Summon Butterflies    Summ           ###.....     2%          1    None


Dungeon Overview and Level Annotations

Branches:
Dungeon (4/15)
 Temple: D:4-7

Altars:
Makhleb
Yredelemnul
Zin

Annotations:
D:2 1 runed door


Innate Abilities, Weirdness & Mutations

Your experience applies equally to all skills.
You have very sharp teeth.
Your uncanny sense of smell can sniff out nearby items.


Message History

You closely miss the orc.
The orc priest mumbles some strange prayers to Beogh against you.
Beogh smites you! The orc hits you but does no damage.
You feel yourself speed up. The orc hits you but does no damage.
You hit the orc.
The orc is heavily wounded.
You hit the orc.
The orc is severely wounded.
The orc hits you but does no damage.
You completely miss the orc.
The orc is severely wounded.
The orc hits you but does no damage.
You hit the orc.
You kill the orc!
You barely miss the adder. Your punch misses the adder.
The adder barely misses you.
You closely miss the adder. The adder bites you but does no damage.
You puncture the adder! Your bite misses the adder.
The adder is severely wounded.
The adder closely misses you.
You hit the adder.
You kill the adder!
You hit the orc wizard.
The orc wizard is moderately wounded.
The orc wizard hits you but does no damage.
You hit the orc wizard but do no damage.
The orc wizard is moderately wounded.
You closely miss the orc wizard. Your bite misses the orc wizard.
The orc wizard is moderately wounded.
The orc wizard points at you and mumbles some strange words.
You resist with some effort.
You are feeling hungry.
You closely miss the orc wizard.
The orc wizard is moderately wounded.
The orc wizard completely misses you.
You hit the orc wizard but do no damage.
You bite the orc wizard.
The orc wizard is moderately wounded.
You hit the orc wizard.
The orc wizard is heavily wounded.
The orc wizard points at you and mumbles some strange words.
The magic dart hits you!
You hit the orc wizard but do no damage.
The orc wizard is heavily wounded.
The orc wizard points at you and mumbles some strange words.
The magic dart hits you!
You hit the orc wizard.
The orc wizard is severely wounded.
The orc wizard gestures wildly while chanting.
The orc wizard flickers and vanishes!
Deactivating autopickup; reactivate with Ctrl-A.
You closely miss something. You hit something.
Reactivating autopickup.
You have reached level 6!
Your experience leads to an increase in your attributes!
Increase (S)trength, (I)ntelligence, or (D)exterity?
You feel agile.
You feel a bit more experienced.
You hit the hound.
The hound is moderately wounded.
The hound barely misses you. The hound bites you but does no damage.
You closely miss the hound.
The hound is moderately wounded.
The hound barely misses you.
You hit the hound.
The hound is moderately wounded.
The hound misses you.
You hit the hound but do no damage.
The hound is moderately wounded.
The hound bites you.
You puncture the hound!
The hound is severely wounded.
The hound bites you but does no damage.
You barely miss the hound.
The hound is severely wounded.
The hound bites you.
You closely miss the hound. You bite the hound, but do no damage.
The hound is severely wounded.
The hound bites you but does no damage.
You hit the hound.
You kill the hound!
Your Invocations skill increases to level 2!
The orc wizard casts a spell at you.
You are confused.
You hit the orc. Your bite misses the orc.
The orc is lightly wounded.
You bump into the rock wall.
The orc hits you but does no damage.
You hit the orc. Your punch misses the orc.
The orc is heavily wounded.
You're too confused to move!
You bump into the rock wall.
The orc wizard hits you but does no damage.
You are electrocuted!
* * * LOW HITPOINT WARNING * * *
You bump into the rock wall.
You bump into the rock wall.
You bump into the rock wall.
The orc wizard hits you with a dagger of electrocution.
You die...

#...#... #..
... #......
#.#.#.####.#
#..........#
#.#.#<# ∆
#.....#
#.#.#.###
#...o@# .
###.#o#####....
∆ #.#oo.hS.o#
#.#######oooo
#.. o ###


You could see an orc priest, an orc wizard and 2 orcs.

Vanquished Creatures
  A howler monkey (D:4)
  A hound (D:4)
  Jessica (D:2)
  An orc wizard (D:4)
  4 adders
  3 gnolls (D:3)
  3 worms
  A dart slug (D:1)
  4 orcs
  A ball python (D:1)
  2 giant cockroaches
  8 goblins
  8 hobgoblins
  6 jackals (D:3)
  2 quokkas
  6 bats
  6 frilled lizards
  10 kobolds
  4 rats
72 creatures vanquished.

Notes
Turn   | Place    | Note
-------+----------+-------------------------------------------
     0 | D:1      | Mgcat the Gnoll Wanderer began the quest for the Orb.
     0 | D:1      | Mgcat set off with: a +2 spear, the Disquisition on the Escort, a +0 robe, a ration
     0 | D:1      | Reached XP level 1. HP: 17/17 MP: 4/4
     2 | D:1      | Identified the Disquisition on the Escort
     4 | D:1      | Learned a level 1 spell: Summon Butterflies
   130 | D:1      | Reached XP level 2. HP: 22/23 MP: 5/5
   689 | D:1      | Reached XP level 3. HP: 28/28 MP: 7/7
   961 | D:2      | Reached skill level 1 in Invocations
  1195 | D:2      | Reached skill level 1 in Short Blades
  1195 | D:2      | Reached skill level 1 in Long Blades
  1195 | D:2      | Reached skill level 1 in Axes
  1195 | D:2      | Reached skill level 1 in Maces & Flails
  1195 | D:2      | Reached skill level 1 in Polearms
  1195 | D:2      | Reached skill level 1 in Staves
  1195 | D:2      | Reached skill level 1 in Slings
  1195 | D:2      | Reached skill level 1 in Bows
  1195 | D:2      | Reached skill level 1 in Crossbows
  1195 | D:2      | Reached skill level 1 in Throwing
  1195 | D:2      | Reached skill level 1 in Dodging
  1195 | D:2      | Reached skill level 1 in Stealth
  1195 | D:2      | Reached skill level 1 in Unarmed Combat
  1198 | D:2      | Noticed Jessica
  1215 | D:2      | Reached XP level 4. HP: 32/34 MP: 8/8
  1226 | D:2      | HP: 7/34 [something (3)]
  1229 | D:2      | Killed Jessica
  1229 | D:2      | Reached skill level 3 in Spellcasting
  1454 | D:2      | Reached skill level 1 in Hexes
  1454 | D:2      | Reached skill level 1 in Charms
  1454 | D:2      | Reached skill level 1 in Necromancy
  1454 | D:2      | Reached skill level 1 in Translocations
  1454 | D:2      | Reached skill level 1 in Transmutations
  1454 | D:2      | Reached skill level 1 in Fire Magic
  1454 | D:2      | Reached skill level 1 in Ice Magic
  1454 | D:2      | Reached skill level 1 in Air Magic
  1454 | D:2      | Reached skill level 1 in Earth Magic
  1454 | D:2      | Reached skill level 1 in Poison Magic
  1680 | D:2      | Found a runed door.
  2189 | D:3      | Reached XP level 5. HP: 39/40 MP: 9/9
  2479 | D:3      | HP: 10/40 [gnoll/spear (4)]
  2654 | D:3      | Found a glowing silver altar of Zin.
  2658 | D:3      | Found a burning altar of Makhleb.
  2663 | D:3      | Found a basalt altar of Yredelemnul.
  2687 | D:3      | Became a worshipper of Zin the Law-Giver
  2687 | D:3      | Reached * piety under Zin
  2794 | D:3      | Reached skill level 3 in Fighting
  2794 | D:3      | Reached skill level 3 in Shields
  2794 | D:3      | Reached skill level 3 in Evocations
  3151 | D:4      | Reached skill level 4 in Conjurations
  3151 | D:4      | Reached skill level 4 in Summonings
  3189 | D:4      | Reached XP level 6. HP: 23/47 MP: 10/10
  3197 | D:4      | Reached skill level 2 in Invocations
  3202 | D:4      | HP: 1/47 [orc wizard/dagger of electrocution (18)]
  3205 | D:4      | Slain by an orc wizard

Skill      XL: |  1  2  3  4  5  6 |
---------------+-------------------+-----
Invocations    | 1 2 |  2.0
Short Blades   | 1 |  1.8
Long Blades    | 1 |  1.8
Axes           | 1 |  1.8
Maces & Flails | 1 |  1.8
Polearms       | 1 |  1.8
Staves         | 1 |  1.8
Slings         | 1 |  1.8
Bows           | 1 |  1.8
Crossbows      | 1 |  1.8
Throwing       | 1 |  1.8
Dodging        | 1 |  1.8
Stealth        | 1 |  1.8
Unarmed Combat | 1 |  1.8
Spellcasting   | 3 |  3.3
Hexes          | 1 |  1.4
Charms         | 1 |  1.4
Necromancy     | 1 |  1.4
Translocations | 1 |  1.4
Transmutations | 1 |  1.4
Fire Magic     | 1 |  1.4
Ice Magic      | 1 |  1.4
Air Magic      | 1 |  1.4
Earth Magic    | 1 |  1.4
Poison Magic   | 1 |  1.4
Fighting       | 3 |  3.1
Shields        | 3 |  3.1
Evocations     | 3 |  3.1
Conjurations   | 4 |  4.0
Summonings     | 4 |  4.0
Armour         | |  4.9

Action                   |  1- 3 |  4- 6 || total
-------------------------+-------+-------++-------
Melee: Spear             |   158 |   128 ||   286
       Bite              |    10 |    11 ||    21
       Punch             |     1 |       ||     1
       Dagger            |       |     6 ||     6
 Cast: Summon Butterflie |     2 |     1 ||     3
  Use: Scroll            |     8 |     5 ||    13
       Potion            |       |     1 ||     1
 Stab: Sleeping          |     1 |     3 ||     4
  Eat: Chunk             |     1 |     6 ||     7
Armor: Robe              |    49 |    11 ||    60
       Leather armour    |       |     6 ||     6
       Ring mail         |       |    26 ||    26
Dodge: Dodged            |    65 |    44 ||   109

Vault maps used:
D:1:      dpeg_arrival_refuge, serial_corexii_hall, corexii_hall_statues_s,
          corexii_hall_statues_s, minmay_misc_feat_pillars
D:2:      first_ration, uniq_jessica, uniq_crazy_yiuf_cottage
D:3:      minmay_overflow_temple_star_quad

Table legend:
 A = Turns spent in this place as a percentage of turns spent in the entire game.
 B = Non-inter-level travel turns spent in this place as a percentage of non-inter-level travel turns spent in the entire game.
 C = Inter-level travel turns spent in this place as a percentage of turns spent in this place.
 D = Turns resting spent in this place as a percentage of non-inter-level travel turns spent in this place.
 E = Turns spent auto-exploring this place as a percentage of non-inter-level travel turns spent in this place.
 F = Non-inter-level travel turns spent in this place divided by the number of levels of this place that you've seen.
                   A       B       C       D       E      F
               +-------+-------+-------+-------+-------+----------------------
         Total | 100.0 | 100.0 |   5.7 |   0.2 |  77.6 | 755.2
       Dungeon | 100.0 | 100.0 |   5.7 |   0.2 |  77.6 | 755.2
               +-------+-------+-------+-------+-------+----------------------

Table legend:
 A = Kills in this place as a percentage of kills in entire the game.
 B = Kills by you in this place as a percentage of kills by you in the entire game.
 C = Kills by friends in this place as a percentage of kills by friends in the entire game.
 D = Other kills in this place as a percentage of other kills in the entire game.
 E = Experience gained in this place as a percentage of experience gained in the entire game.
 F = Experience gained in this place divided by the number of levels of this place that you have seen.
                   A       B       C       D       E      F
               +-------+-------+-------+-------+-------+----------------------
         Total | 100.0 | 100.0 |   N/A |   N/A | 100.0 |  95.0
       Dungeon | 100.0 | 100.0 |   N/A |   N/A | 100.0 |  95.0
               +-------+-------+-------+-------+-------+----------------------
